 Dungeon Crawl Stone Soup version 0.31-a0-112-gdf0485fa37 (webtiles) character file.

Game seed: 14258107906388736437

2854 ragingrage the Cleaver (level 9, 0/73 HPs)
             Began as a Naga Gladiator on May 28, 2023.
             Was a Priest of Wu Jian.
             Slain by a satyr (shapeshifter) (17 damage)
             ... on level 8 of the Dungeon.
             The game lasted 00:13:02 (9137 turns).

ragingrage the Cleaver (Naga Gladiator)             Turns: 9137, Time: 00:13:02

Health: 0/73       AC: 11    Str: 25    XL:     9   Next: 75%
Magic:  1/10       EV: 10    Int: 10    God:    Wu Jian [***...]
Gold:   331        SH:  8    Dex: 13    Spells: 4/10 levels left

rFire   . . .        n - +5 hand axe (freeze)
rCold   . . .        M - +0 buckler
rNeg    + . .        r - +1 robe "Fuuwupsuxi" {rElec rN+}
rPois   +            c - +2 helmet
rElec   +            (no cloak)
rCorr   .            y - +2 pair of gloves
SInv    +            (no barding)
Will    +....        x - amulet of reflection
Stlth   ++           f - +6 ring of strength
HPRegen 0.32/turn    z - ring of wizardry
MPRegen 0.12/turn

%: reflection, wizardry (x1)
@: very slow
A: AC +3, large, see invisible, deformed body, poison resistance, slowness 2,
spit poison 1, naga tail 1
a: Spit Poison, Renounce Religion, Wall Jump, Serpent's Lash


You were on level 8 of the Dungeon.
You worshipped Wu Jian.
Wu Jian was most pleased with you.
You visited 1 branch of the dungeon, and saw 8 of its levels.
You also visited: Ossuary.

You collected 331 gold pieces.

Inventory:

Hand Weapons
 a - a +0 war axe
 g - a +2 battleaxe
 n - a +5 hand axe of freezing (weapon)
Missiles
 d - 3 throwing nets
 e - a javelin
 w - 7 boomerangs
 C - 16 poisoned darts
 D - 5 curare-tipped darts
Armour
 c - a +2 helmet (worn)
 r - the +1 robe "Fuuwupsuxi" (worn) {rElec rN+}
   (You found it on level 6 of the Dungeon)

   rElec:     It insulates you from electricity.
   rN:        It protects you from negative energy.
 y - a +2 pair of gloves (worn)
 M - a +0 buckler (worn)
Magical Staves
 b - a staff of poison
Jewellery
 f - a +6 ring of strength (left hand)
 x - an amulet of reflection (around neck)
 z - a ring of wizardry (right hand)
Wands
 J - a wand of flame (33)
 K - a wand of polymorph (5)
Scrolls
 j - 2 scrolls of enchant armour
 m - a scroll of poison
 o - 2 scrolls of vulnerability
 q - a scroll of amnesia
 s - 3 scrolls of fear
 t - 4 scrolls of teleportation
 v - a scroll of torment {unknown}
 B - a scroll of immolation {unknown}
 F - 2 scrolls of fog
 G - a scroll of magic mapping {unknown}
 H - a scroll of blinking {unknown}
 I - a scroll of acquirement {unknown}
Potions
 h - a potion of cancellation {unknown}
 i - 4 potions of might
 k - 2 potions of enlightenment {unknown}
 l - 2 potions of attraction
 p - a potion of haste {unknown}
 u - 4 potions of curing
 A - 4 potions of lignification
 E - 4 potions of mutation
 L - 2 potions of ambrosia {unknown}


   Skills:
 - Level 2.0 Fighting
 + Level 10.4 Axes
 - Level 3.0 Throwing
 - Level 2.4 Dodging
 - Level 3.2 Stealth
 - Level 1.0 Spellcasting
 - Level 3.0 Air Magic
 - Level 9.0 Poison Magic


You had 4 spell levels left.
You knew the following spells:

 Your Spells              Type           Power      Damage    Failure   Level
a - Poisonous Vapours     Pois/Air       24%        N/A       2%          2
b - Olgreb's Toxic Radia  Pois           18%        N/A       4%          4

Your spell library contained the following spells:

 Spells                   Type           Power      Damage    Failure   Level
 Sting                    Tmut/Pois      36%        1d4       2%          1
 Spider Form              Tmut/Pois      9%         N/A       9%          3
 Freeze                   Ice            0%         1d3       16%         1
 Sandblast                Erth           0%         2d4       16%         1
 Ensorcelled Hibernation  Hex/Ice        0%         N/A       26%         2
 Lesser Beckoning         Tloc           0%         N/A       26%         2
 Passwall                 Tmut/Erth      0%         N/A       26%         2
 Scorch                   Fire           0%         2d5       26%         2
 Frozen Ramparts          Ice            0%         1d1       43%         3
 Gell's Gravitas          Tloc           0%         N/A       43%         3
 Hailstorm                Conj/Ice       0%         3d3       43%         3
 Stone Arrow              Conj/Erth      0%         3d7       43%         3
 Teleport Other           Tloc           0%         N/A       43%         3
 Anguish                  Hex/Necr       0%         N/A       82%         4
 Animate Dead             Necr           0%         N/A       82%         4
 Flame Wave               Conj/Fire      0%         2d4       82%         4
 Dispersal                Tloc           0%         N/A       100%        6
 Summon Cactus Giant      Summ           0%         N/A       100%        6
 Haunt                    Necr/Summ      0%         N/A       100%        7
 Infestation              Necr           0%         N/A       100%        8


Dungeon Overview and Level Annotations

Branches:
Dungeon (8/15)             Temple (0/1) D:6         Ossuary (visited)
   Lair: D:8-11

Altars:
Cheibriados
Dithmenos
Sif Muna
Vehumet
Wu Jian

Annotations:
D:4 1 runed translucent door, Crazy Yiuf


Innate Abilities, Weirdness & Mutations

Your serpentine skin is tough. (AC +3)
You have supernaturally acute eyesight. (SInv)
Armour fits poorly on your strangely shaped body.
Your system is resistant to poisons. (rPois)
You cover ground very slowly.
You can spit poison.
You have a snake-like lower body.


Message History

The basilisk gazes at you.
You easily resist.
You slash the basilisk! You freeze the basilisk.
You kill the basilisk!
The Council accepts your kill.
You see here a book of Dreams.
You add the spells Ensorcelled Hibernation, Spider Form and Anguish to your library.
The floating eye changes into a shining eye!
I - a scroll labelled BUIMAD UZXE
There are no items here.
There are monsters nearby!
The shining eye changes into a satyr!
Aiming: Poisonous Vapours (safe; 2% risk of failure)
Aim: a satyr shaped shifter Poisonous vapours surround the satyr!
The satyr is poisoned.
Aiming: Poisonous Vapours (safe; 2% risk of failure)
Aim: a satyr shaped shifter (poisoned) Poisonous vapours surround the satyr!
The satyr looks even sicker.
The satyr hits you!
Aiming: Poisonous Vapours (safe; 2% risk of failure)
Aim: a satyr shaped shifter (lightly wounded, very poisoned) Poisonous vapours surround the satyr!
The satyr looks even sicker.
The satyr closely misses you.
Aiming: Poisonous Vapours (safe; 2% risk of failure)
Aim: a satyr shaped shifter (lightly wounded, very poisoned) Poisonous vapours surround the satyr!
The satyr looks as sick as possible!
The satyr barely misses you.
You closely miss the satyr. You block the satyr's attack.
You barely miss the satyr. You hit the satyr. You freeze the satyr.
The satyr hits you!
You closely miss the satyr. The satyr hits you but does no damage.
You closely miss the satyr. The satyr hits you!
You hit the satyr. You freeze the satyr.
Aiming: Poisonous Vapours (safe; 2% risk of failure)
Aim: a satyr shaped shifter (heavily wounded, very poisoned) Poisonous vapours surround the satyr!
The satyr looks as sick as possible!
The satyr hits you!!
* * * LOW HITPOINT WARNING * * *
You hit the satyr. You freeze the satyr. The satyr hits you!
You die...

........... .....#.... #
#.#.# .....##...##.. ###.#.#
#....###.###.. . ....# #
#.###.##.##.## #...#.#
#..###.#.#V### ###...#.#
#c.####.####. ........#
###@.....⌠..... #.#...#.#
#>...####.####. ......#.#
#†..###.#.#W###
#.......######..###.##.##.##
###.....#..........###.###..
# ##.#.............##...##..
. ...#.##.##...#...#..#..#..
######.##.##................
#.##.##.####....###.###


You could see a satyr shaped shifter (extremely poisoned).

Vanquished Creatures
  A basilisk (D:8)
  A steam dragon (D:7)
  Eustachio (D:4)
  Duvessa (D:6)
  An orc warrior (D:6)
  An ice beast (D:7)
  A sky beast (D:8)
  2 black bears (D:7)
  A centaur (D:7)
  2 elf zombies (Ossuary)
  3 bullfrogs
  A scorpion (D:6)
  3 wights (D:7)
  Dowan (D:6)
  2 centaur zombies (Ossuary)
  5 hounds
  A human zombie (Ossuary)
  2 jellies (D:5)
  2 gnoll boudas
  3 orc priests
  3 iguanas
  3 sleepcaps
  7 orc wizards
  2 mummies (Ossuary)
  Robin (D:3)
  8 gnolls
  9 adders
  A shadow imp (D:7)
  3 white imps
  An ufetubus (D:5)
  3 worms
  5 dart slugs
  11 orcs
  4 endoplasms
  3 giant cockroaches (D:1)
  16 goblins
  12 hobgoblins
  5 jackals
  7 quokkas
  4 ball pythons
  4 bats
  4 frilled lizards
  A goblin zombie (Ossuary)
  10 hobgoblin zombies (Ossuary)
  3 jackal zombies (Ossuary)
  8 kobolds
  11 kobold zombies (Ossuary)
  5 orc zombies (Ossuary)
  5 rats
  A rat zombie (Ossuary)
195 creatures vanquished.

Vanquished Creatures (others)
  A centaur (D:7)
  A sleepcap (D:7)
2 creatures vanquished.

Grand Total: 197 creatures vanquished

Notes
Turn   | Place    | Note
-------+----------+-------------------------------------------
     0 | D:1      | ragingrage the Naga Gladiator began the quest for the Orb.
     0 | D:1      | Reached XP level 1. HP: 19/19 MP: 1/1
   210 | D:1      | Reached XP level 2. HP: 26/26 MP: 2/2
   216 | D:1      | You fall into a shaft and drop 1 floor!
   328 | D:2      | Reached skill level 1 in Stealth
   648 | D:1      | Reached XP level 3. HP: 32/32 MP: 3/3
   857 | D:1      | Reached skill level 4 in Axes
  1761 | D:2      | Learned a level 2 spell: Poisonous Vapours
  2008 | D:2      | Reached XP level 4. HP: 39/39 MP: 4/4
  2257 | D:3      | Reached skill level 1 in Poison Magic
  2370 | D:3      | Noticed Robin
  2397 | D:3      | Killed Robin
  2515 | D:3      | Reached XP level 5. HP: 45/45 MP: 5/5
  3021 | D:3      | Found a shadowy altar of Dithmenos.
  3021 | D:3      | Found a shimmering blue altar of Sif Muna.
  3112 | D:4      | Noticed Eustachio
  3124 | D:4      | Killed Eustachio
  3125 | D:4      | Reached skill level 5 in Axes
  3125 | D:4      | Reached XP level 6. HP: 48/52 MP: 2/6
  3835 | D:3      | Reached skill level 5 in Poison Magic
  3928 | D:4      | Reached skill level 1 in Air Magic
  3928 | D:4      | Reached XP level 7. HP: 41/60 MP: 4/7
  4147 | D:4      | Found an ornate altar of the Wu Jian Council.
  4373 | D:4      | Reached skill level 6 in Axes
  4580 | D:4      | Found a runed translucent door.
  4581 | D:4      | Noticed Crazy Yiuf
  4722 | D:4      | Became a worshipper of the Wu Jian Council
  4835 | D:5      | Entered Level 5 of the Dungeon
  4888 | D:5      | Learned a level 4 spell: Olgreb's Toxic Radiance
  4949 | D:5      | Found a sand-covered staircase.
  4957 | Ossuary  | Entered an ossuary
  5027 | Ossuary  | Reached * piety under Wu Jian
  5456 | D:5      | Reached XP level 8. HP: 62/67 MP: 8/8
  5925 | D:6      | Noticed Duvessa
  5925 | D:6      | Noticed Dowan
  5932 | D:6      | Killed Duvessa
  5938 | D:5      | Reached skill level 7 in Axes
  5938 | D:5      | Reached skill level 1 in Spellcasting
  6065 | D:6      | Reached ** piety under Wu Jian
  6798 | D:6      | Killed Dowan
  6947 | D:6      | Identified the +1 robe "Fuuwupsuxi" {rElec rN+}
  7357 | D:6      | Found a snail-covered altar of Cheibriados.
  7563 | D:6      | Found a staircase to the Ecumenical Temple.
  7606 | D:6      | Reached skill level 8 in Axes
  8128 | D:7      | Found a radiant altar of Vehumet.
  8140 | D:7      | Reached XP level 9. HP: 73/73 MP: 10/10
  8374 | D:7      | Reached skill level 9 in Axes
  9047 | D:8      | Reached *** piety under Wu Jian
  9048 | D:8      | Reached skill level 10 in Axes
  9060 | D:8      | Noticed a wind drake
  9074 | D:8      | a wind drake changed into a floating eye
  9082 | D:8      | a floating eye changed into a shining eye
  9082 | D:8      | Noticed a shining eye (shapeshifter)
  9112 | D:8      | a shining eye changed into a satyr
  9112 | D:8      | Noticed a satyr (shapeshifter)
  9137 | D:8      | Slain by a satyr (shapeshifter)

Illustrated notes

Levels and vault maps discovered:
D:1:      sevenhm_arrival_forest_fort_large_2, layout_basic
D:2:      layout_loops_corners, st_stairs_13, nicolae_kite_square_tiling_tiny
D:3:      layout_basic, gammafunk_temple_overflow_pools, grunt_ministairs_6,
          nicolae_eternal_life, nicolae_half_adder, uniq_robin
D:4:      layout_cave_pools, nicolae_wu_jian_wuxing_cycle,
          uniq_crazy_yiuf_cottage, uniq_eustachio
D:5:      layout_rooms, nicolae_ossuary_entry_plus
D:6:      layout_basic, kennysheep_slug_shrine, temple_green, uniq_duvessa
D:7:      layout_basic, vehumet_altar_wand_db
D:8:      minmay_blocky_corners, layout_loops_cross, kb_rosetta, uniq_gastronok,
          uniq_prince_ribbit1

Skill      XL: |  1  2  3  4  5  6  7  8  9 |
---------------+----------------------------+-----
Stealth        | 2 3 |  3.2
Axes           | 4 5 6 8 10 | 10.4
Poison Magic   | 2 4 5 6 8 9 |  9.0
Air Magic      | 1 3 |  3.0
Spellcasting   | 1 |  1.0
Throwing       | 2 3 |  3.0
Fighting       | |  2.0
Dodging        | |  2.4

Action                     |  1- 3 |  4- 6 |  7- 9 || total
---------------------------+-------+-------+-------++-------
  Melee: War axe           |    68 |   116 |   253 ||   437
         Punch             |       |     2 |     3 ||     5
         Hand axe          |       |       |    40 ||    40
         Battleaxe         |       |       |     2 ||     2
   Cast: Poisonous Vapours |       |     3 |    54 ||    57
         Olgreb's Toxic Ra |       |       |     7 ||     7
Ability: Spit Poison       |    19 |    19 |     4 ||    42
         Lunge             |       |       |    15 ||    15
         Whirlwind         |       |       |     4 ||     4
  Evoke: Wand              |       |       |     5 ||     5
    Use: Potion            |       |     3 |     3 ||     6
         Scroll            |       |       |    14 ||    14
   Stab: Sleeping          |     1 |     1 |     4 ||     6
 Armour: Leather armour    |    19 |       |       ||    19
         Ring mail         |    11 |    44 |    79 ||   134
         Robe              |       |       |    67 ||    67
  Dodge: Dodged            |    45 |    58 |   183 ||   286
  Block: Buckler           |       |       |    25 ||    25

Table legend: (Time is in decaauts)
 A = Elapsed time spent in this place.
 B = Non-inter-level travel time spent in this place.
 C = Inter-level travel time spent in this place.
 D = Time resting spent in this place.
 E = Time spent auto-exploring this place.
 F = Levels seen in this place.
 G = Mean time per level.
                   A        B        C        D        E       F      G
               +--------+--------+--------+--------+--------+-----+--------+
         Total |  11348 |  10642 |    706 |   2561 |   6157 |   9 | 1260.9 |
       Dungeon |  10891 |  10185 |    706 |   2431 |   6027 |   8 | 1361.4 |
       Ossuary |    456 |    456 |      0 |    130 |    130 |   1 |  456.0 |
               +--------+--------+--------+--------+--------+-----+--------+

Top non-repeatable levels by time:
     D:3: 1989 daAuts
     D:1: 1603 daAuts
     D:5: 1574 daAuts
     D:6: 1536 daAuts
     D:7: 1365 daAuts
     D:2: 1361 daAuts
     D:4: 1321 daAuts
 Ossuary: 456 daAuts
     D:8: 140 daAuts
